 Dungeon Crawl Stone Soup version 0.25-a0-528-g6b7c99946c (webtiles) character file.

Game seed: 6672776862657950444, levelgen mode: deterministic

12 kae the Insei (level 2, 23/23 HPs)
             Began as a Demonspawn Gladiator on Feb 19, 2020.
             Quit the game on level 1 of the Dungeon.
             The game lasted 00:00:13 (666 turns).

kae the Insei (Demonspawn Gladiator)                 Turns: 666, Time: 00:00:14

Health: 23/23      AC:  4    Str: 14    XL:     2   Next: 20%
Magic:  2/2        EV: 12    Int:  9    God:
Gold:   49         SH:  0    Dex: 14    Spells: 1/1 levels left

rFire    . . .     SeeInvis .     - Unarmed
rCold    . . .     Gourm    .   (no shield)
rNeg     . . .     Faith    .   a - +0 leather armour
rPois    .         Spirit   .   b - +0 helmet
rElec    .         Reflect  .   (no cloak)
rCorr    .         Harm     .   (no gloves)
MR       .....                  (no boots)
Stlth    +.........             (no amulet)
HPRegen  0.07/turn              (no ring)
MPRegen  0.08/turn              (no ring)

@: no status effects
A: rot immunity
a: no special abilities


You were on level 1 of the Dungeon.
You were not hungry.

You visited 1 branch of the dungeon, and saw 1 of its levels.

You collected 49 gold pieces.

Inventory:

Missiles
 c - 3 throwing nets (quivered)
Armour
 a - a +0 leather armour (worn)
 b - a +0 helmet (worn)
Scrolls
 f - 3 scrolls of identify {unknown}
 g - 2 scrolls of teleportation {unknown}
Potions
 e - a potion of stabbing {unknown}
 h - a potion of invisibility {unknown}
 i - a potion of might {unknown}
 j - a potion of heal wounds {unknown}
 k - a potion of curing {unknown}
Comestibles
 d - 4 rations


   Skills:
 + Level 2.3 Fighting
 - Level 1.7 Throwing
 - Level 2.6 Dodging
 * Level 3.1 Unarmed Combat


You had one spell level left.
You didn't know any spells.
Your spell library was empty.

Dungeon Overview and Level Annotations

Branches:
Dungeon (1/15)

Altars:


Innate Abilities, Weirdness & Mutations

You are immune to rotting.


Message History

A ball python comes into view.
The ball python completely misses you. The ball python misses you.
You hit the ball python but do no damage.
The ball python misses you. The ball python closely misses you.
You hit the ball python.
You kill the ball python!
You see here a dagger.
Key pressed, stopping explore.
No target in view!
No target in view!
Done exploring.
No target in view!
No target in view!
Done exploring.
No target in view!
No target in view!
Done exploring.
No target in view!
No target in view!
Are you sure you want to abandon this character and quit the game? (Confirm with "yes".)

#.## #.# #.#.# #...#. ...# #.#
#.#.# ##..#.
######################## #....
#≈≈...................># #.#.#
#≈≈≈≈≈≈≈≈.....)......(.# ###)#.#
#.≈≈≈≈≈≈≈≈≈≈≈≈≈≈≈....(.# #...#..
......≈≈≈≈≈≈≈≈≈≈≈≈≈≈≈≈.# #.#####
........≈≈≈≈≈≈≈≈≈≈≈≈≈≈≈# #.#
................@≈≈≈≈≈≈# #.#
#...≈≈≈≈...........≈≈≈≈####.#
#≈≈≈≈≈≈≈≈.......<...≈≈##....#####
#≈≈≈≈≈..≈≈≈≈.......###########...
#........≈≈≈≈≈≈≈#### #####.##
...).......≈≈≈≈≈≈≈≈# #.......
...........###############.######
###...##..###.# #.......##.#
#..###.#.#.## #.########.#


There were no monsters in sight!

Vanquished Creatures
  A leopard gecko (D:1)
  2 bats (D:1)
  3 goblins (D:1)
  A hobgoblin (D:1)
  A ball python (D:1)
  A frilled lizard (D:1)
  A rat (D:1)
10 creatures vanquished.

Notes
Turn   | Place    | Note
-------+----------+-------------------------------------------
     0 | D:1      | kae the Demonspawn Gladiator began the quest for the Orb.
     0 | D:1      | Reached XP level 1. HP: 16/16 MP: 1/1
   203 | D:1      | Reached skill level 3 in Unarmed Combat
   397 | D:1      | Gained mutation: You are immune to rotting. [demonic
                  | ancestry]
   397 | D:1      | Reached XP level 2. HP: 22/22 MP: 2/2
   666 | D:1      | Quit the game

Levels and vault maps discovered:
D:1:      dpeg_arrival_chase, layout_loops_ring, minivault_23

Skill      XL: |  1 |
---------------+----+-----
Unarmed Combat | 3 |  3.1
Fighting       | |  2.3
Throwing       | |  1.7
Dodging        | |  2.6

Action                   || total
-------------------------++-------
Melee: Unarmed           ||    25
       Punch             ||     1
 Stab: Sleeping          ||     1
Armor: Leather armour    ||     9
Dodge: Dodged            ||    16

Table legend:
 A = Non-vault XP
 B = Vault XP
 C = Vault XP percentage of total XP
 D = Non-vault monster count
 E = Vault monster count
 F = Vault count percentage of total count
                 A         B        C        D         E       F
            +---------+---------+-------+---------+---------+-------
      Total |      18 |       0 |   0.0 |      10 |       0 |   0.0
            +---------+---------+-------+---------+---------+-------
        D:1 |      18 |       0 |   0.0 |      10 |       0 |   0.0
            +---------+---------+-------+---------+---------+-------
